 Dungeon Crawl Stone Soup version 0.28.0-53-g5a82cb258f (webtiles) character file.

Game seed: 5305231575761340111

24 gobodom the Stinger (level 2, -8/19 HPs)
             Began as a Demonspawn Venom Mage on June 8, 2022.
             Mangled by Terence
             ... wielding a +0 flail
              (11 damage)
             ... on level 1 of the Dungeon.
             The game lasted 00:07:05 (1860 turns).

gobodom the Stinger (Demonspawn Venom Mage)         Turns: 1860, Time: 00:07:06

Health: -8/19      AC:  4    Str:  8    XL:     2   Next: 79%
Magic:  4/5        EV: 12    Int: 16    God:
Gold:   40         SH:  0    Dex: 13    Spells: 2/5 levels left

rFire   . . .      SeeInvis .   (no weapon)
rCold   . . .      Faith    .   (no shield)
rNeg    . . .      Spirit   .   a - +0 robe
rPois   .          Reflect  .   h - +0 helmet
rElec   .          Harm     .   (no cloak)
rCorr   .          Rampage  .   (no gloves)
Will    .....                   g - +0 pair of boots
Stlth   ++........              (no amulet)
HPRegen 0.06/turn               (no ring)
MPRegen 0.09/turn               (no ring)

@: no status effects
A: powered by pain 1
a: no special abilities


You were on level 1 of the Dungeon.
You visited 1 branch of the dungeon, and saw 2 of its levels.

You collected 40 gold pieces.

Inventory:

Armour
 a - a +0 robe (worn)
 g - a +0 pair of boots (worn)
 h - a +0 helmet (worn)
Scrolls
 b - a scroll of teleportation {unknown}
 e - a scroll of immolation {unknown}
 f - a scroll of identify {unknown}
Potions
 c - a potion of curing
 d - a potion of invisibility {unknown}
 i - a potion of haste {unknown}


   Skills:
 + Level 0.1 Fighting
 + Level 2.0 Dodging
 + Level 1.8 Stealth
 + Level 2.4 Spellcasting
 + Level 1.3 Transmutations
 + Level 3.3 Poison Magic


You had 2 spell levels left.
You knew the following spells:

 Your Spells              Type           Power      Damage    Failure   Level
a - Sting                 Tmut/Pois      36%        1d4       8%          1
b - Poisonous Vapours     Pois/Air       14%        N/A       16%         2

Your spell library contained the following spells:

 Spells                   Type           Power      Damage    Failure   Level
 Mephitic Cloud           Conj/Pois/Air  5%         N/A       36%         3
 Olgreb's Toxic Radiance  Pois           12%        N/A       45%         4


Dungeon Overview and Level Annotations

Branches:
Dungeon (2/15)

Altars:

Annotations:
D:1 Terence


Innate Abilities, Weirdness & Mutations

You sometimes gain a little power by taking damage.


Message History

Casting: Sting (safe; 8% risk of failure)
Confirm with . or Enter, or press ? or * to list all spells.
Aiming: Sting (safe; 8% risk of failure)
Press: ? - help, Shift-Dir - straight line, f - Terence
Aim: Terence, wielding a +0 flail and wearing a +0 chain mail (lightly wounded, 77% to hit)
The sting hits Terence but does no damage.
Terence is poisoned.
Terence is lightly wounded.
Terence looks more healthy.
Terence says, "How do you enjoy it?"
Casting: Sting (safe; 8% risk of failure)
Confirm with . or Enter, or press ? or * to list all spells.
Aiming: Sting (safe; 8% risk of failure)
Press: ? - help, Shift-Dir - straight line, f/p - Terence
Aim: Terence, wielding a +0 flail and wearing a +0 chain mail (moderately wounded, 77% to hit)
The sting hits Terence.
Terence is poisoned.
Terence is heavily wounded.
Terence looks more healthy.
Terence hits you with a +0 flail!
* * * LOW HITPOINT WARNING * * *
Casting: Sting (safe; 8% risk of failure)
Confirm with . or Enter, or press ? or * to list all spells.
Aiming: Sting (safe; 8% risk of failure)
Press: ? - help, Shift-Dir - straight line, f/p - Terence
Aim: Terence, wielding a +0 flail and wearing a +0 chain mail (heavily wounded, 77% to hit)
The sting hits Terence but does no damage.
Terence is poisoned.
Terence is heavily wounded.
Terence looks more healthy.
Terence barely misses you.
Casting: Sting (safe; 8% risk of failure)
Confirm with . or Enter, or press ? or * to list all spells.
Aiming: Sting (safe; 8% risk of failure)
Press: ? - help, Shift-Dir - straight line, f/p - Terence
Aim: Terence, wielding a +0 flail and wearing a +0 chain mail (severely wounded, 77% to hit)
The sting hits Terence but does no damage.
Terence is poisoned.
Terence is severely wounded.
Terence hits you with a +0 flail!
Ouch! That really hurt!
You die...

#.# ##############
#.# #.............
#.# #.###########.
#.# #.# #.
#.####.#### #.
###.##......# #.
#....#......# ##
####@#......#
#@#......#
#.#......#######
#..............#
##############.###
#.'.' #####


You could see Terence (poisoned).

Vanquished Creatures
  A dart slug (D:1)
  3 endoplasms (D:1)
  2 giant cockroaches (D:1)
  2 kobolds (D:1)
  2 quokkas
  2 ball pythons (D:1)
  4 bats
  A frilled lizard (D:2)
  A goblin (D:1)
  4 rats (D:1)
22 creatures vanquished.

Notes
Turn   | Place    | Note
-------+----------+-------------------------------------------
     0 | D:1      | gobodom the Demonspawn Venom Mage began the quest for the
                  | Orb.
     0 | D:1      | Reached XP level 1. HP: 13/13 MP: 3/3
   144 | D:1      | Reached skill level 1 in Transmutations
   198 | D:1      | Gained mutation: You sometimes gain a little power by
                  | taking damage. [demonic ancestry]
   198 | D:1      | Reached XP level 2. HP: 5/19 MP: 1/5
   926 | D:1      | Learned a level 2 spell: Poisonous Vapours
  1578 | D:1      | Found a faded altar of an unknown god.
  1726 | D:2      | Noticed Terence
  1860 | D:1      | Mangled by Terence

Illustrated notes

Levels and vault maps discovered:
D:1:      minmay_arrival_doors, layout_basic,
          hellmonk_ecumenical_altar_pennies_from_heaven
D:2:      layout_loops_ring, minmay_box_of_dots, uniq_terence

Skill      XL: |  1  2 |
---------------+-------+-----
Transmutations | 1 |  1.3
Dodging        | 2 |  2.0
Fighting       | |  0.1
Stealth        | |  1.8
Spellcasting   | |  2.4
Poison Magic   | |  3.3

Action                   || total
-------------------------++-------
Melee: Unarmed           ||    34
 Cast: Sting             ||    44
Armor: Robe              ||    15
Dodge: Dodged            ||    43
